 Dungeon Crawl Stone Soup version 0.23.0-42-geed6394 (webtiles) character file.

Game seed: 0

5233 poirepourri the Cleaver (level 10, -32/58 HPs)
             Began as a Vine Stalker Fighter on Feb 27, 2019.
             Was a High Priest of Zin.
             Killed from afar by Erolcha (35 damage)
             ... with a crystal spear
             ... on level 10 of the Dungeon on Feb 28, 2019.
             The game lasted 00:13:24 (7756 turns).

poirepourri the Cleaver (Vine Stalker Fighter)      Turns: 7756, Time: 00:13:24

Health: -32/58     AC:  8    Str: 19    XL:     10   Next: 61%
Magic:  0/11       EV:  8    Int:  8    God:    Zin [*****.]
Gold:   426        SH: 11    Dex: 17    Spells: 9/9 levels left

rFire    . . .     SeeInvis .   a - +2 war axe (chop)
rCold    . . .     Gourm    +   c - +1 shield
rNeg     . . .     Faith    .   b - +0 scale mail
rPois    .         Spirit   +   A - +0 helmet
rElec    .         Reflect  .   t - scarf {repulsion}
rCorr    .         Harm     .   n - +0 pair of gloves
MR       +....                  (no boots)
Stlth    ..........             i - amulet of the gourmand
HPRegen  0.59/turn              g - +1 ring of evasion
MPRegen  0.12/turn              (no ring)

@: repel missiles
A: fangs 3, regeneration 1, magic shield, antimagic bite, no potion heal 3, rot
immunity
a: Recite, Vitalisation, Imprison, Sanctuary, Donate Gold, Renounce Religion


You were on level 10 of the Dungeon.
You worshipped Zin.
Zin was extremely pleased with you.
You were not hungry.

You visited 2 branches of the dungeon, and saw 11 of its levels.
You also visited: Ossuary.

You collected 473 gold pieces.
You donated 47 gold pieces to Zin.

Inventory:

Hand Weapons
 a - a +2 war axe of chopping (weapon)
Missiles
 d - 8 javelins of returning
 o - 3 steel tomahawks (quivered)
 u - 42 bolts
Armour
 b - a +0 scale mail (worn)
 c - a +1 shield (worn)
 n - a +0 pair of gloves (worn)
 q - a +0 cloak
 t - a scarf of repulsion (worn)
 A - a +0 helmet (worn)
Jewellery
 g - a +1 ring of evasion (left hand)
 i - an amulet of the gourmand (around neck)
 B - an uncursed ring of protection from cold {unknown}
Wands
 e - a wand of paralysis (5)
 r - a wand of iceblast (1)
Scrolls
 m - a scroll of teleportation
 p - 3 scrolls of magic mapping
 C - 2 scrolls of remove curse
Potions
 h - 8 potions of curing
 j - a potion of haste
 k - 3 potions of ambrosia
 l - 3 potions of cancellation
 v - a potion of flight
 x - a potion of mutation
Comestibles
 f - 7 rations


   Skills:
 - Level 9.4 Fighting
 - Level 10.2 Axes
 - Level 2.4 Armour
 + Level 5.0 Shields


You had 9 spell levels left.
You didn't know any spells.
Your spell library contained the following spells:

 Spells                   Type           Power        Failure   Level  Hunger
 Freeze                   Ice            #...         99%         1    ##.....
 Throw Frost              Conj/Ice       #.....       100%        2    ###....
 Gell's Gravitas          Tloc           #.........   100%        3    ####...
 Ignite Poison            Fire/Tmut/Pois #.......     100%        3    ####...
 Ozocubu's Armour         Chrm/Ice       #.......     100%        3    ####...
 Portal Projectile        Hex/Tloc       #.....       100%        3    ####...
 Force Lance              Conj/Tloc      #.......     100%        4    #####..
 Summon Ice Beast         Ice/Summ       #.......     100%        4    #####..
 Throw Icicle             Conj/Ice       #.......     100%        4    #####..
 Fireball                 Conj/Fire      #.........   100%        5    ######.
 Bolt of Fire             Conj/Fire      #.........   100%        6    #######
 Dispersal                Tloc           #.........   100%        6    #######
 Ring of Flames           Chrm/Fire      #.........   100%        7    #######
 Controlled Blink         Tloc           N/A          100%        8    #######
 Disjunction              Tloc           #.........   100%        8    #######
 Ignition                 Fire           #.........   100%        8    #######


Dungeon Overview and Level Annotations

Branches:
Dungeon (10/15)            Temple (1/1) D:4            Lair (0/6) D:9
    Orc: D:9-12

Altars:
Ashenzari
Cheibriados
Dithmenos
Elyvilon
Fedhas
Gozag
Hepliaklqana
Kikubaaqudgha
Makhleb
Nemelex Xobeh
Okawaru
Qazlal
Ru
Sif Muna
Trog
Uskayaw
Vehumet
Wu Jian
Xom
Yredelemnul
Zin
The Shining One

Shops:
D:7 =*[[=   D:9 !

Annotations:
D:4 2 runed translucent doors, Lanoc's ghost, amateur FoFi
D:10 Erolcha


Innate Abilities, Weirdness & Mutations

You have razor-sharp teeth.
Your natural rate of healing is unusually fast.
When hurt, damage is shared between your health and your magic reserves.
Your bite disrupts and absorbs the magic of your enemies.
Potions cannot restore your health.
You are immune to rotting.


Message History

Erolcha gestures at you while chanting. The crystal spear hits you!!
* * * LOW HITPOINT WARNING * * *
You are too injured to fight recklessly!
You are too injured to fight recklessly!
You are too injured to fight recklessly!
You are too injured to fight recklessly!
You are too injured to fight recklessly!
You are too injured to fight recklessly!
Okay, then.
m - a scroll of teleportation Erolcha casts a spell at you.
The bolt of cold hits you!
* * * LOW HITPOINT WARNING * * *
You have no ailments to cure.
Okay, then.
Erolcha gestures at you while chanting. The crystal spear hits you!!
Ouch! That really hurt!
You die...

....... ........
........ # #.......
#.##########.....
#......[..##...##+####
##........##...#.....#
#.....O.@......#.....#
##...##...##...#.....#
#. #...##.>.#.....#
#Y..###'##.....#
#...#..........#
'...'..........#
.#...#..........#
.######..........#
.............####


You could see Erolcha and a sky beast.

Vanquished Creatures
  A two-headed ogre (D:8)
  Pikel (D:5)
  A troll (D:9)
  Grinder (D:5)
  2 wyverns
  Edmund (D:6)
  Menkaure (D:6)
  A hungry ghost (D:9)
  2 water moccasins
  3 sky beasts
  An ice beast (D:6)
  2 slaves (D:5)
  A phantom (D:8)
  3 ogres
  A centaur (D:4)
  A crocodile (D:9)
  A gnoll sergeant (D:6)
  3 bullfrogs
  4 scorpions
  A wyvern skeleton (D:9)
  5 wights (D:6)
  2 howler monkeys
  3 crimson imps
  A quasit (D:5)
  2 hounds
  An orc priest (D:3)
  A jelly (D:5)
  2 orc wizards (D:4)
  Crazy Yiuf (D:5)
  A bullfrog skeleton (D:7)
  A gnoll shaman (D:8)
  Natasha (thrice) (D:2)
  Terence (D:2)
  3 iguanas
  4 worker ants
  2 hound skeletons (D:4)
  12 mummies (Ossuary)
  A howler monkey zombie (D:8)
  14 adders
  17 gnolls
  2 shadow imps
  4 oozes
  2 adder skeletons
  2 worms (D:2)
  2 dart slugs
  3 leopard geckos
  12 orcs
  A bat zombie (D:5)
  7 giant cockroaches
  11 goblins
  8 hobgoblins
  9 jackals
  5 quokkas
  9 bats
  3 frilled lizards
  A giant cockroach zombie (D:6)
  4 gnoll skeletons (Ossuary)
  2 goblin skeletons (Ossuary)
  A jackal skeleton (D:7)
  10 kobolds
  2 kobold skeletons (Ossuary)
  A leopard gecko zombie (D:5)
  8 rats
  11 rat skeletons (Ossuary)
  A rat zombie (D:5)
230 creatures vanquished.

Vanquished Creatures (others)
  A slave (D:5)
  A centaur (D:5)
2 creatures vanquished.

Grand Total: 232 creatures vanquished

Notes
Turn   | Place    | Note
-------+----------+-------------------------------------------
     0 | D:1      | poirepourri the Vine Stalker Fighter began the quest for
                  | the Orb.
     0 | D:1      | Reached XP level 1. HP: 11/11 MP: 2/2
    15 | D:1      | Reached skill level 2 in Axes
    78 | D:1      | Reached XP level 2. HP: 13/16 MP: 3/3
   150 | D:1      | Reached skill level 3 in Axes
   150 | D:1      | Reached XP level 3. HP: 14/19 MP: 4/4
   712 | D:2      | Gained mutation: Your natural rate of healing is unusually
                  | fast. [Vine Stalker growth]
   712 | D:2      | Reached XP level 4. HP: 23/23 MP: 5/5
   757 | D:2      | Reached skill level 4 in Axes
   843 | D:2      | Noticed Terence
   853 | D:2      | Killed Terence
  1001 | D:2      | Noticed Natasha
  1011 | D:2      | Killed Natasha
  1011 | D:2      | Reached XP level 5. HP: 21/27 MP: 4/6
  1092 | D:2      | Noticed Natasha
  1097 | D:2      | Killed Natasha
  1097 | D:2      | Reached skill level 5 in Axes
  1255 | D:2      | Noticed Natasha
  1264 | D:2      | Killed Natasha
  1528 | D:3      | Reached XP level 6. HP: 32/32 MP: 7/7
  1543 | D:3      | Found an iron altar of Okawaru.
  1543 | D:3      | Found a radiant altar of Vehumet.
  1546 | D:3      | You fall through a shaft!
  1585 | D:4      | Reached skill level 6 in Axes
  1891 | D:3      | Reached XP level 7. HP: 25/35 MP: 6/8
  1898 | D:3      | Found a stormy altar of Qazlal.
  2102 | D:4      | Found a large runed translucent door.
  2102 | D:4      | Found a large runed translucent door.
  2102 | D:4      | Noticed Lanoc's ghost (amateur FoFi)
  2130 | D:4      | Found a staircase to the Ecumenical Temple.
  2138 | D:4      | Reached skill level 7 in Axes
  2184 | Temple   | Entered the Ecumenical Temple
  2550 | Temple   | Became a worshipper of Zin the Law-Giver
  2550 | Temple   | Reached * piety under Zin
  2817 | D:4      | Found a burning altar of Makhleb.
  3092 | D:5      | Entered Level 5 of the Dungeon
  3110 | D:5      | Noticed Grinder
  3128 | D:5      | Noticed Pikel
  3144 | D:5      | Killed Pikel
  3144 | D:5      | Reached skill level 9 in Axes
  3144 | D:5      | Gained mutation: You have razor-sharp teeth. [Vine Stalker
                  | growth]
  3144 | D:5      | Reached XP level 8. HP: 39/39 MP: 9/9
  3155 | D:5      | Killed Grinder
  3189 | D:5      | Found a sand-covered staircase.
  3193 | Ossuary  | Entered an ossuary
  3337 | Ossuary  | Reached ** piety under Zin
  3364 | Ossuary  | Reached skill level 10 in Axes
  3517 | D:5      | You fall through a shaft for 3 floors!
  3549 | D:8      | Noticed a two-headed ogre
  3558 | D:8      | Killed a two-headed ogre
  3558 | D:8      | Reached skill level 5 in Fighting
  3558 | D:8      | Reached XP level 9. HP: 42/47 MP: 10/10
  3863 | D:7      | Reached *** piety under Zin
  3964 | D:7      | Found Ijeafuoh's General Store.
  3975 | D:7      | Found Poynk's Jewellery Boutique.
  4042 | D:7      | Found Qerisim's Armour Shop.
  4110 | D:6      | Noticed Menkaure
  4157 | D:6      | Killed Menkaure
  4312 | D:5      | Reached XP level 10. HP: 47/56 MP: 11/11
  4516 | D:5      | Found a sparkling altar of Nemelex Xobeh.
  4520 | D:5      | Found a shadowy altar of Dithmenos.
  4525 | D:5      | Found a snail-covered altar of Cheibriados.
  4584 | D:5      | Found a runed translucent door.
  4585 | D:5      | Noticed Crazy Yiuf
  4758 | D:5      | Found an ancient bone altar of Kikubaaqudgha.
  4826 | D:5      | Killed Crazy Yiuf
  4930 | D:6      | Noticed Edmund
  4960 | D:6      | Reached **** piety under Zin
  4974 | D:6      | Killed Edmund
  5118 | D:6      | Found a hide-covered altar of Uskayaw.
  5334 | D:7      | Found Mihixt's Armour Shop.
  5652 | D:7      | Found a shattered altar of Ashenzari.
  5790 | D:7      | Found Ybrutzus's Jewellery Emporium.
  6187 | D:9      | Found Lanecy's Distillery.
  6286 | D:9      | Noticed a death yak
  6287 | D:9      | Noticed a death yak
  6287 | D:9      | Noticed a death yak
  6288 | D:9      | Found a staircase to the Lair.
  6289 | D:9      | Noticed a death yak
  6492 | D:9      | Reached ***** piety under Zin
  6578 | D:9      | Noticed a death yak
  7173 | D:8      | HP: 1/58 [death yak (11)]
  7253 | D:8      | Upgraded the game from 0.23.0-38-g208d714 to
                  | 0.23.0-42-geed6394
  7612 | D:10     | Entered Level 10 of the Dungeon
  7701 | D:10     | Reached skill level 5 in Shields
  7747 | D:10     | Noticed Erolcha
  7755 | D:10     | HP: 2/58 [Erolcha/bolt of cold (9)]
  7756 | D:10     | Killed from afar by Erolcha

Skill      XL: |  1  2  3  4  5  6  7  8  9 10 |
---------------+-------------------------------+-----
Axes           | 2 3 4 5 6 9 10 | 10.2
Fighting       | 5 8 9 |  9.4
Shields        | 5 |  5.0
Armour         | |  2.4

Action                   |  1- 3 |  4- 6 |  7- 9 | 10-12 || total
-------------------------+-------+-------+-------+-------++-------
Melee: War axe           |    54 |   176 |   309 |   169 ||   708
       Bite              |    15 |    49 |   129 |    68 ||   261
Throw: Tomahawk          |       |       |       |     1 ||     1
Invok: Vitalisation      |       |       |       |     1 ||     1
Evoke: Wand              |       |       |     8 |     5 ||    13
  Use: Scroll            |     2 |     7 |    12 |    10 ||    31
       Potion            |       |       |     6 |     2 ||     8
 Stab: Invisible         |       |       |       |     3 ||     3
  Eat: Ration            |       |     1 |     3 |     4 ||     8
Armor: Scale mail        |    19 |    62 |    65 |    39 ||   185
Dodge: Dodged            |    12 |    57 |    93 |    44 ||   206
Block: Shield            |    34 |    86 |   142 |    79 ||   341
